 Dungeon Crawl Stone Soup version 0.17.0-24-gcfadda4 (console) character file.

21 Kramin the Bolt Thrower (level 2, -1/16 HPs)
             Began as a Tengu Arcane Marksman on Nov 17, 2015.
             Slain by a giant frog (3 damage)
             ... on level 1 of the Dungeon.
             The game lasted 00:02:38 (2030 turns).

Kramin the Bolt Thrower (Tengu Arcane Marksman)     Turns: 2030, Time: 00:02:38

Health: -1/16      AC:  3    Str: 11    XL:     2   Next: 87%
Magic:  4/4        EV: 13    Int: 13    God:
Gold:   18         SH:  0    Dex: 13    Spells: 1 memorised, 2 levels left

rFire  . . .     SeeInvis .     a - +0 hand crossbow
rCold  . . .     Clarity  .     c - +0 robe
rNeg   . . .     SustAt   .     (no shield)
rPois  .         Gourm    .     (helmet restricted)
rElec  .         Spirit   .     i - +0 cloak
rCorr  .         Warding  .     (no gloves)
rMut   .         Stasis   .     (boots unavailable)
MR     .....                    (no amulet)
Stlth  +.........               (no ring)
                                (no ring)

@: not resistant to hostile enchantments, very unstealthy
A: beak, talons 3
a: no special abilities


You were on level 1 of the Dungeon.
You were not hungry.

You visited 1 branch of the dungeon, and saw 2 of its levels.

You collected 18 gold pieces.

Inventory:

Hand Weapons
 a - a +0 hand crossbow (weapon)
Missiles
 b - 9 bolts (quivered)
Armour
 c - a +0 robe (worn)
 i - a +0 cloak (worn)
Scrolls
 f - a scroll of fog {unknown}
 h - a scroll of remove curse {unknown}
Potions
 g - a potion of lignification {unknown}
 j - a potion of brilliance {unknown}
 k - a potion of magic {unknown}
Books
 d - a book of Debilitation

   Spells                             Type                      Level
   a - Corona                         Hexes                        1
   b - Slow                           Hexes                        2
   c - Gell's Gravitas                Hexes/Translocation          3
   d - Inner Flame                    Hexes/Fire                   3
   e - Cause Fear                     Hexes                        4
   f - Leda's Liquefaction            Hexes/Earth                  4
Comestibles
 e - a bread ration
 l - a chunk of flesh


   Skills:
 + Level 1.6 Fighting
 * Level 2.9 Crossbows
 + Level 2.6 Dodging
 - Level 1.0 Spellcasting
 - Level 2.1 Hexes


You had 2 spell levels left.
You knew the following spells:

 Your Spells              Type           Power        Failure   Level  Hunger
a - Corona                Hex            #......      14%         1    ##.....


Dungeon Overview and Level Annotations

Branches:
Dungeon (2/15)

Altars:


Innate Abilities, Weirdness & Mutations

You have a beak for a mouth.
You have claws for feet.


Message History

Press: ? - help, Shift-Dir - straight line, f/p - giant frog
Aim: a giant frog (moderately wounded)
You shoot a bolt. The bolt hits the giant frog!
The giant frog is severely wounded.
The giant frog hits you. The giant frog misses you.
Firing (i - inventory):
b - 11 bolts (quivered)
Press: ? - help, Shift-Dir - straight line, f/p - giant frog
Aim: a giant frog (severely wounded)
You shoot a bolt. The bolt barely misses the giant frog.
The giant frog hits you.
* * * LOW HITPOINT WARNING * * *
The giant frog closely misses you.
Firing (i - inventory):
b - 10 bolts (quivered)
Press: ? - help, Shift-Dir - straight line, f/p - giant frog
Aim: a giant frog (severely wounded)
You shoot a bolt. The bolt closely misses the giant frog.
The giant frog hits you.
* * * LOW HITPOINT WARNING * * *
The giant frog hits you.
You die...

..#.....# #.#......#.##.#..#.#.
..#...#######.#........##.#......
.......................##.#..#.#.
......######)#.#+#.....##.##.....
......# #.............##.#..#.#.
....#### #...#.#.#...............
.......#####.....#....#.#.#.#.##.
..'#≈≈##........)#.#+#......#.##.
..#....#.....#..@F(...(#.#..#.#..
..≈....≈.....#####.....(....#.##.
..≈..⌠.≈.(...#.........#.#..#....
..≈....≈.....#.###..........##...
..#....#.....#.# #.....####.##.#.
.###≈≈###§§###.###.....####.##...
.#.....#§...#..#............##.#.
.#..§..≈....≈..#.#####.#######...
.#...§.≈.⌠<.≈..#....##.# #.#.


You could see a giant frog.

Vanquished Creatures
  A giant gecko (D:1)
  A bat (D:1)
  2 giant cockroaches (D:1)
  2 goblins (D:1)
  5 hobgoblins (D:1)
  4 jackals (D:1)
  A rat (D:1)
16 creatures vanquished.

Notes
Turn   | Place    | Note
--------------------------------------------------------------
     0 | D:1      | Kramin the Tengu Arcane Marksman began the quest for the Orb.
     0 | D:1      | Reached XP level 1. HP: 12/12 MP: 3/3
   578 | D:1      | Reached XP level 2. HP: 9/16 MP: 4/4
  2024 | D:1      | Noticed a giant frog
  2030 | D:1      | Slain by a giant frog

Action                   || total
-------------------------++-------
Melee: Unarmed           ||    75
 Fire: Hand crossbow     ||    25
  Eat: Chunk             ||     3
